 Dungeon Sprint DCSS version 0.16-a0-77-g708f960 (webtiles) character file.

1700000 zercules the Executioner (level 15, -23/169 HPs)
             Began as a Deep Dwarf Warper on Aug 8, 2014.
             Annihilated by a meat berserker
             ... wielding a +9 battleaxe
              (43 damage)
             ... in the Dungeon (Sprint VIII: "Arena of Blood").
             The game lasted 00:01:27 (17 turns).

zercules the Executioner (Deep Dwarf Warper)          Turns: 17, Time: 00:01:27

HP -23/169       AC  4     Str 15      XL: 15   Next:  4%
MP   5/32        EV 29     Int 15      God:
Gold 0           SH  0     Dex 17      Spells:  1 memorised, 31 levels left

rFire  . . .     SeeInvis .     m - +∞ Axe of Woe
rCold  . . .     Clarity  .     b - +0 leather armour
rNeg   + . .     rCorr    .     (no shield)
rPois  .         rRot     .     (no helmet)
rElec  .         Spirit   .     (no cloak)
SustAb .         Warding  .     (no gloves)
rMut   .         NoTele   +     (no boots)
Gourm  .                        (no amulet)
MR     ++...                    (no ring)
                                (no ring)

@: non-regenerating, very resistant to hostile enchantments, very unstealthy
A: damage resistance, recharge devices, negative energy resistance 1, sense
surroundings 2, slow healing 3
a: Device Recharging


You were in the Dungeon.
You were not hungry.

You visited 1 branch


Innate Abilities, Weirdness & Mutations

You are resistant to damage.
You can recharge devices by infusing magical energy.
You resist negative energy.
You passively map the area around you.
You do not heal naturally.


   Skills:
 + Level 19.7 Fighting
 + Level 22.6 Axes
 - Level 10.1 Throwing
 - Level 11.9 Armour
 + Level 22.6 Dodging
 - Level 9.4 Spellcasting
 - Level 12.2 Translocations


You had 31 spell levels left.
You knew the following spells:

 Your Spells              Type           Power        Failure   Level  Hunger
a - Apportation           Tloc           #####.....   1%          1    None


Dungeon Overview and Level Annotations

Branches:
Dungeon (1/1)

Altars:
Makhleb

Inventory:

Hand weapons
 a - a +0 hand axe
 m - the +∞ Axe of Woe (weapon)
   (You found it in the Dungeon)
Missiles
 e - 5 tomahawks (quivered)
Armour
 b - a +0 leather armour (worn)
Magical devices
 f - a wand of heal wounds (5) {@v2}
Comestibles
 g - a bread ration
Scrolls
 d - 2 scrolls of blinking
Potions
 h - a potion of curing {@q1}
 i - a potion of heal wounds {@q2}
 j - a potion of haste {@q3}
 k - 2 potions of magic
 l - a potion of berserk rage
Books
 c - a book of Spatial Translocations

, , ,, ,#.., ,..# ,, ..
,#... ..# ,, ....###...
..###. ,
..........###...... , *
...#........_..... , ,, *
,..#.oo....#.....#, , ,
#..........#_.<._# ,.,,,
* ...#.......#.....#.....
.....#.O.O@O.O_).O..... ,
*
,.........).)o.###.......
, ,
.........###.))....###. ,
...........#..C....# ,, ,
, ,.........O#.......# ,
.#.................. , ,
,, #.#.#..O...........,
,, ,, ,#.#..............
, #.#............ , *


You could see a large bag of meat (inner flame), 5 meat berserkers and 3 bags of
meat.


Message History

You kill the meat berserker!
Your Fighting skill gained 2 levels and is now at level 15!
Your Axes skill gained 2 levels and is now at level 17!
Your Dodging skill gained 2 levels and is now at level 17!
You have reached level 13!
You slash the bag of meat!
You pulverise the bag of meat into a thin bloody mist.
You kill the bag of meat!
Your Fighting skill increases to level 16!
Your Axes skill gained 2 levels and is now at level 19!
Your Dodging skill gained 2 levels and is now at level 19!
You hear a shout! x13
A bag of meat comes into view. It is wielding a +9 war axe.
A bag of meat comes into view. It is wielding a +9 war axe.
The bag of meat shouts! x2
You hear a shout! x11
A meat berserker comes into view. It is wielding a +9 battleaxe.
You hear a shout! x15
You hear a shout! x13
A meat berserker comes into view. It is wielding a +9 battleaxe.
The meat berserker shouts!
You hear a shout!
You hear a shout!
You hear a shout!
You hear a shout! x11
An orc and a hill giant come into view.
An orc and 2 ogres come into view.
The bag of meat shouts! x2
The large bag of meat shouts!
The meat berserker shouts!
You hear a shout!
You hear a shout! x9 2 orcs come into view.
The bag of meat shouts!
You hear a shout!
You hear a shout!
You hear a shout!
You hear a shout! x10
A bag of meat comes into view.
It is wielding a +9 war axe. 2 ogres and a hill giant come into view.
The meat berserker shouts! x2
You hear a shout!
The meat berserker moves out of view.
You hear a shout! x2
The bag of meat hits you with a +9 war axe!!
* * * LOW HITPOINT WARNING * * *
You hear a shout! x5
You slice the bag of meat!!
You hew the bag of meat savagely.
You kill the bag of meat!
Your Fighting skill increases to level 17!
Your Axes skill increases to level 20!
Your Dodging skill increases to level 20!
You have reached level 14!
You feel somewhat more resistant.
You feel negative.
You slash the bag of meat!
You butcher the bag of meat messily.
You kill the bag of meat!
Your Fighting skill increases to level 18!
Your Axes skill increases to level 21!
Your Dodging skill increases to level 21!
You slice the meat berserker!!
You hew the meat berserker savagely.
You kill the meat berserker!
Your Fighting skill increases to level 19!
Your Axes skill increases to level 22!
Your Dodging skill increases to level 22!
You have reached level 15!
Your experience leads to an increase in your attributes!
Increase (S)trength, (I)ntelligence, or (D)exterity?
You feel agile.
You hear a shout! x6
The meat berserker appears out of thin air!
A meat berserker comes into view. It is wielding a +9 battleaxe.
You hear a shout! x3
You hear a shout! x11
The bag of meat hits you with a +9 war axe!
* * * LOW HITPOINT WARNING * * *
The meat berserker hits you with a +9 battleaxe!!!
You die...

Action                   |  1- 3 |  4- 6 |  7- 9 | 10-12 | 13-15 || total
-------------------------+-------+-------+-------+-------+-------++-------
Melee: Executioner's axe |     1 |       |       |     2 |     1 ||     4

Vault maps used:
D:        meatsprint

Notes
Turn   | Place    | Note
--------------------------------------------------------------
     0 | D        | zercules, the Deep Dwarf Warper, began the quest for the Orb.
     0 | D        | Reached XP level 1. HP: 19/19 MP: 2/2
     3 | D        | Noticed a meat berserker
     4 | D        | Noticed a bag of meat
     4 | D        | Killed a meat berserker
     4 | D        | Reached skill level 10 in Fighting
     4 | D        | Reached skill level 12 in Axes
     4 | D        | Reached skill level 10 in Throwing
     4 | D        | Reached skill level 11 in Armour
     4 | D        | Reached skill level 12 in Dodging
     4 | D        | Reached skill level 9 in Spellcasting
     4 | D        | Reached skill level 12 in Translocations
     4 | D        | Reached XP level 2. HP: 24/42 MP: 2/15
     4 | D        | Reached XP level 3. HP: 28/49 MP: 2/18
     4 | D        | Reached XP level 4. HP: 32/56 MP: 2/20
     4 | D        | Reached XP level 5. HP: 36/63 MP: 2/21
     4 | D        | Reached XP level 6. HP: 41/72 MP: 2/23
     4 | D        | Reached XP level 7. HP: 44/79 MP: 2/24
     4 | D        | Reached XP level 8. HP: 47/86 MP: 2/25
     4 | D        | Gained mutation: You passively map the area around you. [level up]
     4 | D        | Reached XP level 9. HP: 50/93 MP: 2/27
     4 | D        | Reached XP level 10. HP: 54/102 MP: 2/28
     4 | D        | Reached XP level 11. HP: 57/109 MP: 2/29
     5 | D        | Noticed a meat berserker
     6 | D        | Noticed a bag of meat
     6 | D        | Noticed a bag of meat
     7 | D        | Killed a bag of meat
     7 | D        | Reached skill level 13 in Fighting
     7 | D        | Reached skill level 15 in Axes
     7 | D        | Reached skill level 15 in Dodging
     7 | D        | Reached XP level 12. HP: 61/126 MP: 2/29
     8 | D        | Killed a meat berserker
     8 | D        | Reached skill level 15 in Fighting
     8 | D        | Reached skill level 17 in Axes
     8 | D        | Reached skill level 17 in Dodging
     8 | D        | Reached XP level 13. HP: 64/139 MP: 3/30
     8 | D        | Killed a bag of meat
     8 | D        | Reached skill level 16 in Fighting
     8 | D        | Reached skill level 19 in Axes
     8 | D        | Reached skill level 19 in Dodging
     9 | D        | Noticed a bag of meat
     9 | D        | Noticed a bag of meat
    10 | D        | Noticed a meat berserker
    12 | D        | Noticed a meat berserker
    13 | D        | Noticed a bag of meat
    13 | D        | Noticed a large bag of meat
    13 | D        | Noticed a bag of meat
    13 | D        | Noticed a meat berserker
    13 | D        | Noticed a meat berserker
    14 | D        | Noticed a bag of meat
    14 | D        | Noticed a bag of meat
    15 | D        | Noticed a bag of meat
    15 | D        | Noticed a meat berserker
    15 | D        | Noticed a large bag of meat
    15 | D        | Noticed a meat berserker
    15 | D        | HP: 32/142 [bag of meat/+9 war axe (32)]
    16 | D        | Killed a bag of meat
    16 | D        | Reached skill level 17 in Fighting
    16 | D        | Reached skill level 20 in Axes
    16 | D        | Reached skill level 20 in Dodging
    16 | D        | Gained mutation: You resist negative energy. [level up]
    16 | D        | Reached XP level 14. HP: 33/154 MP: 4/31
    16 | D        | Killed a bag of meat
    16 | D        | Reached skill level 18 in Fighting
    16 | D        | Reached skill level 21 in Axes
    16 | D        | Reached skill level 21 in Dodging
    16 | D        | Killed a meat berserker
    16 | D        | Reached skill level 19 in Fighting
    16 | D        | Reached skill level 22 in Axes
    16 | D        | Reached skill level 22 in Dodging
    16 | D        | Reached XP level 15. HP: 34/169 MP: 4/32
    17 | D        | Noticed a meat berserker
    17 | D        | Annihilated by a meat berserker

Vanquished Creatures
  3 ogres (D)
  4 orcs (D)
7 creatures vanquished.
